 Dungeon Crawl Stone Soup version 0.30-a0-1082-g70414cbcbb (webtiles) character file.

Game seed: 4011806252722349199

7102 ryw the Basher (level 10, -10/82 HPs)
             Began as a Mummy Fighter on Apr 16, 2023.
             Mangled by Snorg (19 damage)
             ... on level 10 of the Dungeon.
             The game lasted 00:22:12 (11898 turns).

ryw the Basher (Mummy Fighter)                     Turns: 11898, Time: 00:22:13

Health: -10/82     AC: 11    Str: 24    XL:     10   Next: 84%
Magic:  10/10      EV: 14    Int:  7    God:
Gold:   2021       SH: 10    Dex: 12    Spells: 9/9 levels left

rFire   x . .      SeeInvis +    t - +2 morningstar (spect)
rCold   + . .      Faith    +    c - +1 buckler
rNeg    + + +      Spirit   .    b - +0 scale mail
rPois   ∞          Reflect  +    (no helmet)
rElec   .          Rampage  .    (no cloak)
rCorr   .                        s - +2 pair of gloves
Will    +....                    (no boots) Stlth
                                 B - amulet of reflection
HPRegen 0.33/turn                x - +5 ring of evasion
MPRegen 0.12/turn                i - ring of see invisible

@: no status effects
A: cold resistance 1, negative energy resistance 3, torment resistance 2, heat
vulnerability 1, in touch with death 1, no potions, faith
a: no special abilities


You were on level 10 of the Dungeon.
You visited 2 branches of the dungeon, and saw 11 of its levels.

You collected 2021 gold pieces.

Inventory:

Hand Weapons
 q - the +10 mace "Cetsos" {flame, rElec Str+5 Int-4}
   (You found it on level 10 of the Dungeon)

   Str:       It affects your strength (+5).
   Int:       It affects your intelligence (-4).
   rElec:     It insulates you from electricity.
 t - a +2 spectral morningstar (weapon)
 D - a +4 dire flail of freezing
Missiles
 g - 17 poisoned darts
 j - a throwing net
 k - 3 atropa-tipped darts
 n - 5 datura-tipped darts
 z - 5 javelins
Armour
 b - a +0 scale mail (worn)
 c - a +1 buckler (worn)
 s - a +2 pair of gloves (worn)
Jewellery
 d - a ring of willpower
 i - a ring of see invisible (right hand)
 w - a ring of flight
 x - a +5 ring of evasion (left hand)
 B - an amulet of reflection (around neck)
Wands
 m - a wand of paralysis (14)
 v - a wand of polymorph (7)
 y - a wand of flame (7) (quivered)
 H - a wand of iceblast (4)
Scrolls
 a - 2 scrolls of amnesia
 e - a scroll of fear
 f - 3 scrolls of immolation
 h - 5 scrolls of blinking
 l - 4 scrolls of teleportation
 o - a scroll of enchant armour
 p - a scroll of vulnerability
 r - a scroll of butterflies
 u - a scroll of torment
 A - a scroll of magic mapping
 C - a scroll of poison {unknown}
 E - a scroll of silence {unknown}
 F - a scroll of brand weapon
 G - a scroll of fog


   Skills:
 + Level 8.8 Fighting
 * Level 9.8 Maces & Flails
 - Level 3.0 Throwing
 + Level 7.2 Armour
 - Level 3.1 Shields


You had 9 spell levels left.
You didn't know any spells.
Your spell library contained the following spells:

 Spells                   Type           Power      Damage    Failure   Level
 Scorch                   Fire           0%         2d5       90%         2
 Flame Wave               Conj/Fire      0%         2d4       100%        4
 Summon Cactus Giant      Summ           0%         N/A       100%        6


Dungeon Overview and Level Annotations

Branches:
Dungeon (10/15)            Temple (1/1) D:7
   Lair: D:8-11         Orc: D:9-12

Altars:
Ashenzari
Cheibriados
Dithmenos
Fedhas
Gozag
Hepliaklqana
Kikubaaqudgha
Makhleb
Nemelex Xobeh
Qazlal
Ru
Sif Muna
Trog
Uskayaw
Vehumet
Wu Jian
Xom
Yredelemnul

Shops:
D:8 :

Portals:
Bailey: D:10

Annotations:
D:5 1 runed translucent door, Biggs's ghost, novice DsFi
D:10 Snorg


Innate Abilities, Weirdness & Mutations

You are immune to poison.
Your flesh is cold resistant. (rC+)
You are immune to negative energy. (rN+++)
You are immune to unholy pain and torment.
You are vulnerable to heat. (rF-)
You are in touch with the powers of death.
You do not drink.
You have a special connection with the divine. (Faith)


Message History

You hit the yak. You burn the yak.
The yak is heavily wounded.
A centaur comes into view.
You block the yak's attack.
You sock the yak! You burn the yak.
The yak is almost dead.
The yak gores you!
You hit the yak. You burn the yak.
You kill the yak!
You sock the yak! You burn the yak.
The yak is heavily wounded.
The yak gores you but does no damage.
You sock the yak! You burn the yak!
You kill the yak!
You block Snorg's attack. x2; Snorg claws you!
The +10 mace "Cetsos" {flame, rElec Str+5 Int-4} stops flaming.
You feel a bond with your +2 spectral morningstar.
t - a +2 spectral morningstar (weapon)
You block Snorg's attack. x3
You puncture Snorg!
Snorg is lightly wounded.
Your +2 spectral morningstar barely misses Snorg.
Snorg misses you. x2; Snorg claws you! Snorg bites you but does no damage.
Snorg claws you but does no damage. You block Snorg's attack.
You hit Snorg.
Snorg is lightly wounded.
Your +2 spectral morningstar closely misses Snorg.
Snorg bites you!
* * * LOW HITPOINT WARNING * * *
Snorg claws you but does no damage. Snorg misses you.
You barely miss Snorg.
Snorg is lightly wounded.
Your +2 spectral morningstar misses Snorg.
You hear the steady creaking of a portcullis very nearby.
Snorg bites you.
* * * LOW HITPOINT WARNING * * *
Snorg closely misses you. Snorg claws you!
* * * LOW HITPOINT WARNING * * *
Snorg bites you!!
You die...

#...# #.^ #.#
#...# #.# #...#
#.# #...# #.#
#...# #.#
#...######## #.#
#...........
#(###...........
#@TYcY...)......
#####>>.)∩).....
#....)......
#...........
#...........
#...........
#...Y.......
#...........


You could see Snorg (berserk), 2 yaks, a centaur and a friendly +2 spectral
morningstar (summoned).

Vanquished Creatures
  Pikel (D:8)
  A gargoyle (D:9)
  Maggie (D:9)
  2 shadows
  A wyvern (D:9)
  16 yaks
  A steam dragon (D:7)
  2 sky beasts (D:7)
  2 black bears
  2 ice beasts (D:6)
  2 centaurs
  2 phantoms (D:6)
  2 kobold brigands
  4 bullfrogs
  9 wights (D:9)
  9 killer bees
  2 howler monkeys
  A gnoll bouda (D:7)
  2 hounds
  3 jellies
  5 orc priests
  6 iguanas
  An iron imp (D:8)
  2 sleepcaps (D:6)
  Jessica (D:2)
  5 orc wizards
  12 gnolls
  7 adders
  A shadow imp (D:8)
  A white imp (D:6)
  2 ufetubi
  3 worms
  A dart slug (D:1)
  27 orcs
  15 ball pythons
  10 bats
  6 endoplasms
  2 giant cockroaches (D:3)
  6 goblins
  14 hobgoblins
  11 jackals
  3 quokkas
  6 frilled lizards
  20 kobolds
  4 rats
236 creatures vanquished.

Notes
Turn   | Place    | Note
-------+----------+-------------------------------------------
     0 | D:1      | ryw the Mummy Fighter began the quest for the Orb.
     0 | D:1      | Reached XP level 1. HP: 18/18 MP: 1/1
   181 | D:1      | Reached XP level 2. HP: 20/24 MP: 2/2
   239 | D:1      | Reached skill level 2 in Maces & Flails
   385 | D:1      | Gained mutation: You are in touch with the powers of death.
                  | [Mummy growth]
   385 | D:1      | Reached XP level 3. HP: 14/29 MP: 3/3
   879 | D:1      | Identified a scroll of acquirement
   879 | D:1      | Acquired 797 gold pieces
  1405 | D:2      | Found a faded altar of an unknown god.
  1480 | D:2      | Noticed Jessica
  1486 | D:2      | Reached XP level 4. HP: 31/35 MP: 4/4
  1486 | D:2      | Killed Jessica
  1954 | D:3      | Identified the +6 falchion of Governance {freeze, *Noise
                  | rN+ Dex+4}
  1980 | D:3      | Reached skill level 3 in Maces & Flails
  1980 | D:3      | Reached XP level 5. HP: 7/42 MP: 5/5
  2121 | D:3      | Found a hazy altar of Hepliaklqana.
  2597 | D:3      | Reached skill level 1 in Throwing
  2775 | D:3      | Found a bloodstained altar of Trog.
  2778 | D:3      | Found a broken altar of Ashenzari.
  3520 | D:4      | Reached XP level 6. HP: 48/48 MP: 6/6
  4058 | D:5      | Entered Level 5 of the Dungeon
  4191 | D:5      | Found an opulent altar of Gozag.
  4201 | D:5      | Found an opulent altar of Gozag.
  4207 | D:5      | Found an opulent altar of Gozag.
  4571 | D:5      | Found an opulent altar of Gozag.
  4949 | D:5      | Reached skill level 4 in Maces & Flails
  4949 | D:5      | Reached XP level 7. HP: 52/55 MP: 7/7
  4997 | D:5      | Found a runed translucent door.
  4997 | D:5      | Noticed Biggs's ghost (novice DsFi)
  5995 | D:5      | Reached skill level 5 in Fighting
  6334 | D:6      | Reached skill level 5 in Maces & Flails
  6334 | D:6      | Reached XP level 8. HP: 49/62 MP: 8/8
  7273 | D:7      | Identified the +4 trident of the Pits of Slime {holy,
                  | *Noise rC+ Str+5}
  7661 | D:7      | Reached skill level 6 in Maces & Flails
  7730 | D:7      | Reached skill level 5 in Armour
  7862 | D:7      | HP: 2/64 [orc wizard/puff of flame (10)]
  8130 | D:6      | Reached XP level 9. HP: 67/69 MP: 9/9
  8764 | D:7      | Found a staircase to the Ecumenical Temple.
  8779 | Temple   | Entered the Ecumenical Temple
  9457 | D:8      | Found Rumargh's Book Shoppe.
  9531 | D:8      | Found a snail-covered altar of Cheibriados.
  9627 | D:8      | Reached skill level 7 in Maces & Flails
  9651 | D:8      | Acquired 806 gold pieces
  9669 | D:8      | Noticed Pikel
  9752 | D:8      | Killed Pikel
 10087 | D:9      | Found a shimmering blue altar of Sif Muna.
 10129 | D:9      | Noticed Maggie
 10448 | D:9      | Reached skill level 8 in Maces & Flails
 10524 | D:9      | Reached XP level 10. HP: 6/79 MP: 10/10
 10899 | D:9      | Noticed a gargoyle
 10904 | D:9      | Killed a gargoyle
 10961 | D:9      | Killed Maggie
 11130 | D:9      | Reached skill level 9 in Maces & Flails
 11436 | D:10     | Entered Level 10 of the Dungeon
 11574 | D:10     | Identified the +10 mace "Cetsos" {flame, rElec Str+5 Int-4}
 11819 | D:10     | Identified the +1 ring mail of Sopain {-Tele Fly SInv}
 11863 | D:10     | Found a flagged portal.
 11872 | D:10     | Noticed Snorg
 11898 | D:10     | Mangled by Snorg

Illustrated notes

Levels and vault maps discovered:
D:1:      dpeg_arrival_yet_another_circle, layout_basic, minmay_pentomino_w4
D:2:      layout_basic, shapermc_ecumenical_altar_mp_vishouse,
          kennysheep_generic_room_3, uniq_jessica
D:3:      layout_loops_corners, mainiacjoe_overflow_cross_hatched,
          mainiacjoe_overflow_divided_tiny, st_stairs_12
D:4:      layout_loops_corners, sigmund_army
D:5:      layout_basic, nicolae_gozag_conspicuous_consumption,
          mainiacjoe_overflow_alcove_2, gammafunk_ghost_grave, minivault_27
D:6:      layout_cave_pods
D:7:      layout_basic, minmay_temple_entry_hall, st_stairs_12
D:8:      layout_cave_pools, slow_altar_1, serial_shops, nicolae_stop_n_shop_2,
          minmay_misc_feat_cross, uniq_pikel
D:9:      layout_roguey, nicolae_overflow_hidden_temple,
          chequers_serial_rivers_small_a, uniq_maggie
D:10:     layout_long_grid, enter_bailey_2, uniq_snorg
Temple:   compressed_dpeg_circular_temple

Skill      XL: |  1  2  3  4  5  6  7  8  9 10 |
---------------+-------------------------------+-----
Maces & Flails | 2 3 4 5 6 8 9 |  9.8
Armour         | 3 4 5 6 7 |  7.2
Shields        | 3 |  3.1
Throwing       | 1 2 3 |  3.0
Fighting       | 4 5 6 7 8 |  8.8

Action                     |  1- 3 |  4- 6 |  7- 9 | 10-12 || total
---------------------------+-------+-------+-------+-------++-------
  Melee: Flail             |   139 |   157 |       |       ||   296
         Morningstar       |       |    50 |   333 |    58 ||   441
         Mace              |       |       |       |    29 ||    29
  Throw: Dart              |       |     9 |    43 |       ||    52
         Javelin           |       |       |     6 |       ||     6
  Evoke: Wand              |       |       |     1 |    13 ||    14
    Use: Scroll            |     9 |     5 |     9 |     1 ||    24
   Stab: Distracted        |       |       |     1 |       ||     1
 Armour: Scale mail        |    79 |    86 |   163 |    11 ||   339
  Dodge: Dodged            |    77 |    89 |   265 |    37 ||   468
  Block: Buckler           |    24 |    61 |   121 |    35 ||   241

Table legend: (Time is in decaauts)
 A = Elapsed time spent in this place.
 B = Non-inter-level travel time spent in this place.
 C = Inter-level travel time spent in this place.
 D = Time resting spent in this place.
 E = Time spent auto-exploring this place.
 F = Levels seen in this place.
 G = Mean time per level.
                   A        B        C        D        E       F      G
               +--------+--------+--------+--------+--------+-----+--------+
         Total |  12118 |  11119 |    999 |   2290 |   6494 |  11 | 1101.6 |
       Dungeon |  12044 |  11054 |    990 |   2290 |   6444 |  10 | 1204.4 |
        Temple |     73 |     64 |      9 |      0 |     50 |   1 |   73.0 |
               +--------+--------+--------+--------+--------+-----+--------+

Top non-repeatable levels by time:
     D:6: 2027 daAuts
     D:5: 1622 daAuts
     D:7: 1412 daAuts
     D:3: 1387 daAuts
     D:1: 1263 daAuts
     D:9: 1231 daAuts
     D:4: 1118 daAuts
     D:8: 867 daAuts
     D:2: 775 daAuts
    D:10: 337 daAuts
  Temple: 73 daAuts
